 Dungeon Sprint DCSS version 0.22.1-1-ga44c0e56f4 (webtiles) character file.

57 MuseOD the Sneak (level 3, -1/19 HPs)
             Began as a Spriggan Enchanter on Sept 28, 2018.
             Drowned by a water elemental (3 damage)
             ... in the Dungeon (Sprint III: "The Ten Rune Challenge").
             The game lasted 00:00:49 (429 turns).

MuseOD the Sneak (Spriggan Enchanter)                Turns: 429, Time: 00:00:50

Health: -1/19      AC:  4    Str:  4    XL:     3   Next: 73%
Magic:  8/8        EV: 18    Int: 17    God:
Gold:   23         SH:  0    Dex: 16    Spells: 4/7 levels left

rFire    . . .     SeeInvis +   a - +1 dagger
rCold    . . .     Gourm    .   (shield restricted)
rNeg     . . .     Faith    .   b - +0 robe
rPois    .         Spirit   .   (helmet restricted)
rElec    .         Reflect  .   i - +1 cloak
rCorr    .         Harm     .   (gloves unavailable)
MR       .....     NoTele   +   (boots unavailable)
Stlth    ++++......             (no amulet)
HPRegen  0.06/turn              (no ring)
MPRegen  0.11/turn              (no ring)

@: engulfed (cannot breathe), very quick
A: very small, unfitting armour, see invisible, herbivore, speed 3, slow
metabolism 2
a: no special abilities


You were in the Dungeon.
You were not hungry.

You visited 1 branch You collected 23 gold pieces.

Inventory:

Hand Weapons
 a - a +1 dagger (weapon)
Armour
 b - a +0 robe (worn)
 i - a +1 cloak (worn)
Scrolls
 c - 7 scrolls of identify
 j - a scroll of blinking
 l - a scroll of torment {unknown}
 m - a scroll of holy word {unknown}
Potions
 e - a potion of curing
 f - a potion of heal wounds
 g - a potion of haste
 h - 2 potions of magic
 k - 6 potions of mutation {unknown}
 n - a potion of flight {unknown}
Comestibles
 d - 3 rations


   Skills:
 + Level 2.7 Fighting
 * Level 5.7 Short Blades
 - Level 3.0 Dodging
 + Level 7.2 Stealth
 - Level 2.6 Spellcasting
 - Level 3.6 Hexes


You had 4 spell levels left.
You knew the following spells:

 Your Spells              Type           Power        Failure   Level  Hunger
a - Corona                Hex            ##.....      4%          1    #......
b - Ensorcelled Hibernat  Hex/Ice        #.....       13%         2    ##.....

Your spell library contained the following spells:

 Spells                   Type           Power        Failure   Level  Hunger
 Confuse                  Hex            ##......     12%         3    ###....
 Tukima's Dance           Hex            ##......     12%         3    ###....
 Dazzling Spray           Conj/Hex       #.....       26%         3    ###....


Dungeon Overview and Level Annotations

Branches:
Dungeon (1/1)

Altars:


Innate Abilities, Weirdness & Mutations

You are very small and have problems with some larger weapons.
You are too small for most types of armour.
You have supernaturally acute eyesight. (SInv)
You are a herbivore.
You cover ground extremely quickly.
You need to consume almost no food.


Message History

The water elemental is lightly damaged.
There is an open door to the Ecumenical Temple here.
Cast which spell? (? or * to list)
You don't know that spell.
Unknown command.
Cast which spell? (? or * to list)
You don't know that spell.
Unknown command.
Cast which spell? (? or * to list)
You can't see any susceptible monsters within range! (Use Z to cast anyway.) Cast which spell? (? or * to list)
You can't see any susceptible monsters within range! (Use Z to cast anyway.) Unknown command.
You hit the water elemental but do no damage.
The water elemental hits you!
Ouch! That really hurt!
* * * LOW HITPOINT WARNING * * *
The water elemental engulfs you in water!
You barely miss the water elemental.
You die...

▓▓▓▓▓▓▓▓▓▓ ▓▓▓
.#..'....♣♣♣ ♣.#
.#..#..).♣.♣ ♣♣.#
'####......♣ ♣..#
....#....≈♣♣♣♣..###+#+###
...†#...≈≈♣.♣♣..#........
....#..≈≈≈≈..♣..@.⌠......
###'#..≈≈≈≈≈≈♣♣.#E..####
.†..#.≈≈≈≈≈≈....#.⌠.#
....#.≈≈≈≈≈.....#...#
....#.≈≈≈.......#+###
#####...........#
...÷............#
▓▓▓▓▓▓▓▓▓▓▓▓▓▓▓▓▓


You could see a water elemental.

Vanquished Creatures
  Crazy Yiuf (D)
  A human (D)
  An ooze (D)
  3 rats (D)
6 creatures vanquished.

Vanquished Creatures (others)
  2 draconian scorchers (D)
  A hydra (D)
  6 hellions (D)
  A yaktaur (D)
  4 plants (D)
14 creatures vanquished.

Grand Total: 20 creatures vanquished

Notes
Turn   | Place    | Note
-------+----------+-------------------------------------------
     0 | D        | MuseOD the Spriggan Enchanter began the quest for the Orb.
     0 | D        | Reached XP level 1. HP: 9/9 MP: 5/5
     4 | D        | Reached skill level 1 in Fighting
     4 | D        | Reached skill level 5 in Stealth
    81 | D        | Killed a hellion
   100 | D        | Killed a hellion
   101 | D        | Killed a hellion
   102 | D        | Killed a hellion
   109 | D        | Killed a hellion
   111 | D        | Killed a hellion
   159 | D        | Reached skill level 6 in Stealth
   159 | D        | Reached XP level 2. HP: 3/15 MP: 6/6
   161 | D        | Killed a white draconian scorcher
   169 | D        | Killed a white draconian scorcher
   169 | D        | Killed a yaktaur
   205 | D        | Learned a level 2 spell: Ensorcelled Hibernation
   276 | D        | Killed a six-headed hydra
   342 | D        | Noticed Crazy Yiuf
   349 | D        | Killed Crazy Yiuf
   349 | D        | Reached skill level 5 in Short Blades
   349 | D        | Reached skill level 7 in Stealth
   349 | D        | Reached XP level 3. HP: 15/19 MP: 8/8
   424 | D        | Noticed a water elemental
   429 | D        | Drowned by a water elemental

Skill      XL: |  1  2 |
---------------+-------+-----
Fighting       | 2 |  2.7
Short Blades   | 4 5 |  5.7
Stealth        | 6 7 |  7.2
Dodging        | |  3.0
Spellcasting   | |  2.6
Hexes          | |  3.6

Action                   || total
-------------------------++-------
Melee: Dagger            ||    28
  Use: Potion            ||     1
 Stab: Sleeping          ||     2
Armor: Robe              ||     1
Dodge: Dodged            ||    12
